 Dungeon Crawl Stone Soup version 0.31.0-9-g3a7656b989 (webtiles) character file.

Game seed: 5182190593871399153

18699 Hopman the Basher (level 12, -4/112 HPs)
             Began as a Minotaur Monk on Jan 25, 2024.
             Was the Champion of Zin.
             Slain by a slime creature (6 damage)
             ... on level 13 of the Dungeon.
             The game lasted 00:37:43 (14811 turns).

Hopman the Basher (Minotaur Monk)                  Turns: 14811, Time: 00:37:43

Health: -4/112     AC: 12    Str: 25    XL:     12   Next: 30%
Magic:  0/28       EV: 20    Int: 15    God:    Zin [******]
Gold:   429        SH:  0    Dex: 21    Spells: 11/11 levels left

rFire   . . .        a - +6 flail (protect)
rCold   + . .        d - orb {light}
rNeg    . . .        u - +3 leather armour {rC+}
rPois   ∞            l - +3 hat of Pondering {ponderous, Will+ MP+10 Int+5}
rElec   .            C - +0 cloak
rCorr   +            z - +0 pair of gloves
SInv    .            b - +0 pair of boots
Will    +....        h - amulet of guardian spirit
Stlth   +            M - +6 ring of strength
HPRegen 0.38/turn    G - ring of resist corrosion
MPRegen 0.21/turn

%: guardian spirit
@: vitalised, glowing, slow
A: horns 2, retaliatory headbutt
a: Renounce Religion, Recite, Vitalisation, Imprison, Sanctuary, Donate Gold


You were on level 13 of the Dungeon.
You worshipped Zin.
Zin was exalted by your worship.
You visited 1 branch of the dungeon, and saw 13 of its levels.
You also visited: Bailey.

You collected 820 gold pieces.
You spent 309 gold pieces at shops.
You donated 82 gold pieces to Zin.

Inventory:

Hand Weapons
 a - a +6 flail of protection (weapon)
 B - a +0 halberd
 H - a +5 scimitar
Missiles
 t - 2 throwing nets (quivered)
Armour
 b - a +0 pair of boots (worn)
 d - an orb of light (worn)
 e - a +0 troll leather armour
 l - the +3 hat of Pondering (worn) {ponderous, Will+ MP+10 Int+5}
   (You took it off Gastronok on level 10 of the Dungeon)

   Int+5:     It affects your intelligence (+5).
   Will+:     It increases your willpower.
   MP+10:     It affects your magic capacity (+10).
 u - a +3 leather armour of cold resistance (worn)
 z - a +0 pair of gloves (worn)
 C - a +0 cloak (worn)
 E - the +0 robe of the King of the Hill {-Cast ^Drain rN+++ Str+2}
   (You found it on level 11 of the Dungeon)

   Str+2:     It affects your strength (+2).
   rN+++:     It renders you almost immune to negative energy.
   -Cast:     It prevents spellcasting.
   ^Drain:    It drains your maximum health when unequipped.
 N - a +0 plate armour
 Q - an orb of wrath
Jewellery
 h - an amulet of guardian spirit (around neck)
 i - a ring of flight
 m - a +6 ring of intelligence
 G - a ring of resist corrosion (right hand)
 L - a ring of willpower
 M - a +6 ring of strength (left hand)
 P - an amulet of magic regeneration
Wands
 j - a wand of flame (24)
 v - a wand of iceblast (10)
 D - a wand of paralysis (15)
 F - a wand of acid (6)
 O - a wand of digging (5)
Scrolls
 g - a scroll of summoning
 k - a scroll of poison
 n - 3 scrolls of teleportation
 s - a scroll of enchant weapon
 y - a scroll of revelation
 A - 5 scrolls of identify
 K - a scroll of immolation
Potions
 c - 2 potions of ambrosia
 f - a potion of invisibility
 o - 6 potions of enlightenment
 p - a potion of berserk rage
 q - 2 potions of brilliance {unknown}
 r - 3 potions of might
 w - 4 potions of curing
 x - 3 potions of resistance
 J - a potion of magic {unknown}
Miscellaneous
 I - a lightning rod (4/4)


   Skills:
 * Level 11.8 Fighting
 + Level 6.1 Long Blades
 * Level 11.8 Maces & Flails
 * Level 10.8 Dodging
 * Level 9.3 Invocations
 + Level 5.9 Evocations


You had 11 spell levels left.
You didn't know any spells.
Your spell library contained the following spells:

 Spells                   Type           Power      Damage    Failure   Level
 Apportation              Tloc           0%         N/A       30%         1
 Foxfire                  Conj/Fire      0%         2x1d4     30%         1
 Magic Dart               Conj           0%         1d3       30%         1
 Necrotise                Necr           0%         1d4       30%         1
 Sting                    Conj/Alch      0%         1d3       30%         1
 Summon Small Mammal      Summ           0%         N/A       30%         1
 Blink                    Tloc           0%         N/A       43%         2
 Call Imp                 Summ           0%         N/A       43%         2
 Cigotuvi's Dreadful Rot  Necr/Alch/Air  0%         N/A       43%         2
 Mercury Vapours          Alch/Air       0%         N/A       43%         2
 Static Discharge         Conj/Air       0%         3-3/arc   43%         2
 Fugue of the Fallen      Necr           0%         N/A       67%         3
 Ozocubu's Armour         Ice            0%         N/A       67%         3
 Tukima's Dance           Hex            0%         N/A       67%         3
 Airstrike                Air            0%         2d(0-16)  97%         4
 Dimensional Bullseye     Hex/Tloc       0%         N/A       97%         4
 Ignite Poison            Fire/Alch      0%         N/A       97%         4
 Iskenderun's Mystic Bla  Conj/Tloc      0%         2d3       97%         4
 Leda's Liquefaction      Alch/Erth      0%         N/A       97%         4
 Manifold Assault         Tloc           0%         N/A       97%         4
 Summon Lightning Spire   Summ/Air       0%         N/A       97%         4
 Freezing Cloud           Conj/Ice/Air   0%         6-21      100%        5
 Lee's Rapid Deconstruct  Erth           0%         3d4*      100%        5
 Metabolic Englaciation   Hex/Ice        0%         N/A       100%        5
 Summon Forest            Summ/Tloc      0%         N/A       100%        5
 Summon Mana Viper        Hex/Summ       0%         N/A       100%        5
 Bombard                  Conj/Erth      0%         9d1       100%        6
 Plasma Beam              Fire/Air       0%         2x1d10    100%        6
 Sculpt Simulacrum        Ice/Alch       0%         N/A       100%        6
 Starburst                Conj/Fire      0%         6d3       100%        6
 Summon Cactus Giant      Summ           0%         N/A       100%        6


Dungeon Overview and Level Annotations

Branches:
Dungeon (13/15)            Temple (0/1) D:5            Lair (0/5) D:9
    Orc (0/2) D:11         Bailey (visited)
 Vaults: D:13-14

Altars:
Cheibriados
Dithmenos
Elyvilon
Gozag
Hepliaklqana
Kikubaaqudgha
Nemelex Xobeh
Okawaru
Qazlal
Ru
Sif Muna
Trog
Uskayaw
Wu Jian
Yredelemnul
Zin

Shops:
D:5 (!((**

Portals:
Abyss: D:13

Annotations:
D:12 exclusion: obsidian statue
D:13 2 transporters, Toxicplasma's ghost, journeyman MiBe


Innate Abilities, Weirdness & Mutations

You have a pair of horns on your head.
You reflexively headbutt those who attack you in melee.


Message History

The large slime creature hits you! The slime creature hits you! x2
You thump the large slime creature!
You kill the large slime creature!
The slime creature misses you.
The slime creature hits you but does no damage.
The slime creature closely misses you.
Okay, then.
The slime creature hits you!
* * * LOW HITPOINT WARNING * * *
The slime creature hits you.
* * * LOW HITPOINT WARNING * * *
The slime creature attacks as it pursues you!
The slime creature closely misses you.
The slime creature attacks as it pursues you!
The slime creature completely misses you.
You furiously retaliate!
You headbutt the slime creature.
The slime creature attacks as it pursues you!
The slime creature hits you!
* * * LOW HITPOINT WARNING * * *
You hit the slime creature. You headbutt the slime creature.
The slime creature is heavily wounded.
The slime creature completely misses you.
The slime creature hits you but does no damage.
The slime creature barely misses you. You furiously retaliate!
You headbutt the slime creature!
Okay, then.
Zin grants you divine stamina. The slime creature closely misses you.
The slime creature barely misses you. You furiously retaliate!
You headbutt the slime creature! The slime creature hits you!
* * * LOW HITPOINT WARNING * * *
The slime creature attacks as it pursues you!
The slime creature misses you. You furiously retaliate!
You headbutt the slime creature!
Two slime creatures merge to form a large slime creature.
The slime creature attacks as it pursues you!
The slime creature hits you!
* * * LOW HITPOINT WARNING * * *
The slime creature hits you!
You die...

#....###+###...##. ###..###.
#..............#$ #.##.^.#.
#............#### ##..##.##.
#...............####....###..
#............................
#............................
#............................
###...................#######
#.......JJ@.........#
#...................#
#...................#
#...................#
#...................#
#...........#########
#############


You could see a large slime creature and a slime creature.

Vanquished Creatures
  Gastronok (D:10)
  A two-headed ogre (D:12)
  A boulder beetle (D:11)
  Amaemon (D:10)
  Pikel (D:8)
  A cyclops (D:11)
  A gargoyle (D:12)
  Jeremiah (D:7)
  2 unseen horrors (D:12)
  An orange demon (D:10)
  3 kobold demonologists (D:10)
  6 trolls
  6 slime creatures
  A shadow (D:11)
  22 yaks
  Eustachio (D:5)
  A vampire (D:7)
  2 vampire mosquitoes (D:10)
  2 steam dragons
  An acid dragon (D:10)
  3 water moccasins
  2 ice beasts
  A black bear (D:4)
  12 orc warriors
  2 ogres
  3 centaurs
  A phantom (D:4)
  2 lemures (D:9)
  2 kobold brigands
  5 scorpions
  7 wights
  16 killer bees
  5 howler monkeys
  4 hounds
  2 bombardier beetles (D:5)
  A gnoll bouda (D:5)
  9 orc priests
  4 jellies
  A sleepcap (D:6)
  10 iguanas
  Ijyb (D:5)
  17 orc wizards
  4 gnolls (D:7)
  5 adders
  2 shadow imps (D:8)
  3 white imps
  5 ufetubi
  3 dart slugs
  A ribbon worm (D:2)
  68 orcs
  8 ball pythons
  9 endoplasms
  2 giant cockroaches
  5 goblins
  14 hobgoblins
  8 jackals (D:2)
  2 quokkas
  8 bats
  2 frilled lizards (D:3)
  30 kobolds
  4 rats
349 creatures vanquished.

Vanquished Creatures (collateral kills)
  A boulder beetle (D:11)
1 creature vanquished.

Grand Total: 350 creatures vanquished

Notes
Turn   | Place    | Note
-------+----------+-------------------------------------------
     0 | D:1      | Hopman the Minotaur Monk began the quest for the Orb.
     0 | D:1      | Reached XP level 1. HP: 19/19 MP: 0/0
   154 | D:1      | Reached XP level 2. HP: 13/27 MP: 1/1
   290 | D:1      | Found a faded altar of an unknown god.
   299 | D:1      | Prayed at the altar of an unknown god.
   299 | D:1      | Became a worshipper of Zin the Law-Giver
   299 | D:1      | Reached * piety under Zin
   299 | D:1      | Reached ** piety under Zin
   722 | D:2      | Reached *** piety under Zin
   751 | D:2      | Reached XP level 3. HP: 28/33 MP: 2/2
  1168 | D:2      | Reached skill level 1 in Invocations
  1466 | D:2      | Reached **** piety under Zin
  1793 | D:3      | Reached XP level 4. HP: 41/41 MP: 3/3
  1966 | D:3      | Found a glowing silver altar of Zin.
  2719 | D:4      | Reached XP level 5. HP: 43/47 MP: 5/5
  2815 | D:4      | Reached skill level 5 in Fighting
  2815 | D:4      | Reached skill level 5 in Maces & Flails
  2907 | D:4      | Found a hide-covered altar of Uskayaw.
  2908 | D:4      | Noticed a phantom
  2925 | D:4      | Killed a phantom
  2926 | D:4      | Reached XP level 6. HP: 45/56 MP: 5/7
  3110 | D:4      | Reached skill level 5 in Dodging
  3476 | D:4      | Reached XP level 7. HP: 57/62 MP: 8/8
  3938 | D:5      | Entered Level 5 of the Dungeon
  3956 | D:5      | Found Sits's Antique Weapon Boutique.
  4013 | D:5      | Found an opulent altar of Gozag.
  4145 | D:5      | Reached ***** piety under Zin
  4204 | D:5      | Found Yriminta's Distillery.
  4326 | D:5      | Bought a potion of curing for 45 gold pieces
  4326 | D:5      | Bought a potion of curing for 45 gold pieces
  4330 | D:5      | Bought a potion of heal wounds for 75 gold pieces
  4366 | D:5      | Found Gawkeqop's Antique Weapon Emporium.
  4378 | D:5      | Found a staircase to the Ecumenical Temple.
  4423 | D:5      | Found a snail-covered altar of Cheibriados.
  4425 | D:5      | Found an ancient bone altar of Kikubaaqudgha.
  4647 | D:5      | Found Jyani's General Store.
  4649 | D:5      | Found Fabug's Weapon Emporium.
  4650 | D:5      | Found Jyru's General Store.
  4702 | D:5      | Noticed Eustachio
  4715 | D:5      | Killed Eustachio
  4716 | D:5      | Reached skill level 1 in Evocations
  4781 | D:5      | Reached XP level 8. HP: 71/71 MP: 10/10
  5074 | D:5      | Noticed Ijyb
  5090 | D:5      | Killed Ijyb
  5882 | D:6      | Reached skill level 5 in Invocations
  6006 | D:6      | Found a shadowy altar of Dithmenos.
  6009 | D:6      | Found an ornate altar of the Wu Jian Council.
  6016 | D:6      | Found a sparkling altar of Nemelex Xobeh.
  6019 | D:6      | Found a stormy altar of Qazlal.
  6021 | D:6      | Found a white marble altar of Elyvilon.
  6026 | D:6      | Found a sacrificial altar of Ru.
  6091 | D:6      | Found a shimmering blue altar of Sif Muna.
  6100 | D:6      | Got Sif Muna's Excursus on Lofty Chemistry
  6172 | D:6      | Reached XP level 9. HP: 54/77 MP: 5/11
  6376 | D:6      | Found a bloodstained altar of Trog.
  6667 | D:7      | Reached skill level 1 in Long Blades
  6786 | D:7      | Found a hazy altar of Hepliaklqana.
  6850 | D:5      | Bought an ichor-stained hand axe for 144 gold pieces
  6850 | D:5      | Identified the +7 hand axe "Laosyv" {venom, ^Drain rPois
                  | rN+++ Str-3} (You bought it in a shop on level 5 of the
                  | Dungeon)
  7138 | D:7      | Found an iron altar of Okawaru.
  7614 | D:7      | Noticed Jeremiah
  7920 | D:7      | Killed Jeremiah
  8535 | D:8      | Reached XP level 10. HP: 84/90 MP: 13/13
  9609 | D:9      | Noticed Pikel
  9632 | D:8      | Killed Pikel
  9748 | D:9      | Found a staircase to the Lair.
 10116 | D:9      | Reached skill level 10 in Fighting
 10116 | D:9      | Reached skill level 10 in Maces & Flails
 10265 | D:9      | Found a basalt altar of Yredelemnul.
 10379 | D:10     | Entered Level 10 of the Dungeon
 10423 | D:10     | Reached XP level 11. HP: 97/99 MP: 13/15
 10457 | D:10     | Found a flagged portal.
 10466 | Bailey   | Entered a bailey
 10883 | D:10     | Noticed a sixfirhy
 10899 | D:10     | Reached skill level 5 in Evocations
 11379 | D:10     | Noticed Gastronok
 11405 | D:10     | Killed Gastronok
 11875 | D:10     | Noticed Amaemon
 11890 | D:10     | Killed Amaemon
 11891 | D:10     | Reached skill level 5 in Long Blades
 12115 | D:10     | Reached skill level 10 in Dodging
 12209 | D:11     | Identified the +0 robe of the King of the Hill {-Cast
                  | ^Drain rN+++ Str+2}
 12235 | D:11     | Noticed a boulder beetle
 12243 | D:11     | Killed a boulder beetle
 12648 | D:11     | Found a staircase to the Orcish Mines.
 12710 | D:11     | Reached ****** piety under Zin
 12847 | D:11     | Noticed a boulder beetle
 12870 | D:11     | Killed a boulder beetle
 13584 | D:12     | Reached XP level 12. HP: 108/110 MP: 17/17
 13771 | D:12     | Noticed a two-headed ogre
 14523 | D:12     | Killed a two-headed ogre
 14742 | D:13     | Found a transporter.
 14747 | D:13     | Noticed Toxicplasma's ghost (journeyman MiBe)
 14748 | D:13     | Found a one-way gate to the infinite horrors of the Abyss.
 14760 | D:13     | Found a transporter.
 14809 | D:13     | HP: 1/112 [slime creature (7)]
 14811 | D:13     | Slain by a slime creature

Illustrated notes

Levels and vault maps discovered:
D:1:      psy_arrival_fountain, layout_loops_ring,
          chequers_ecumenical_altar_simple_redux
D:2:      layout_basic
D:3:      layout_basic, zin_academy
D:4:      layout_basic, mainiacjoe_overflow_cross_hatched
D:5:      minmay_razor_zed, layout_cave_pools, grunt_gozag_breadcrumbs,
          chequers_temple_overflow_statue_of_worship,
          minmay_temple_entry_statues_pillars, serial_shops,
          nicolae_shop_statue_plus, shop, nicolae_shop_tiny_real_fake_doors,
          nicolae_wooded_promenade, uniq_ijyb, uniq_eustachio
D:6:      layout_loops_cross, nzn_overflow_gifts_of_might_and_magic,
          nicolae_overflow_hallway_of_the_gods, minmay_liquid_box
D:7:      layout_cave_pods, nicolae_hepliaklqana_hazy_memory,
          kennysheep_okawaru_gauntlet, serial_library_hellmonk_room_b,
          uniq_jeremiah
D:8:      layout_basic
D:9:      layout_long_grid, lemuel_coloured_pillars_altar, lair_entry_dummy,
          uniq_pikel
D:10:     layout_roguey, enter_bailey_8, uniq_amaemon, uniq_gastronok
D:11:     layout_gridville, hiddenorc2_lemuel
D:12:     layout_irregular_city, minivault_16, lemuel_nasty_fountain
D:13:     layout_irregular_city, erik_vaults_1, gammafunk_ghost_abyssal_escape,
          uniq_snorg

Skill      XL: |  1  2  3  4  5  6  7  8  9 10 11 12 |
---------------+-------------------------------------+-----
Fighting       | 4 5 6 7 8 10 11 | 11.8
Maces & Flails | 4 5 6 7 8 10 11 | 11.8
Invocations    | 1 2 3 4 5 6 7 8 9 |  9.3
Dodging        | 4 5 6 7 8 9 10 | 10.8
Evocations     | 1 3 4 5 |  5.9
Long Blades    | 2 4 5 6 |  6.1

Action                     |  1- 3 |  4- 6 |  7- 9 | 10-12 || total
---------------------------+-------+-------+-------+-------++-------
  Melee: Mace              |    79 |   111 |   162 |       ||   352
         Headbutt          |    20 |    17 |    80 |   148 ||   265
         Flail             |       |       |    91 |   548 ||   639
         Unarmed           |       |       |     3 |       ||     3
 Invoke: Vitalisation      |       |       |       |     1 ||     1
    Use: Scroll            |       |       |    21 |     5 ||    26
         Potion            |       |       |     4 |     6 ||    10
 Armour: Robe              |    38 |       |       |       ||    38
         Leather armour    |     7 |    52 |   158 |   247 ||   464
         Troll leather arm |       |       |       |   105 ||   105
  Dodge: Dodged            |    73 |    79 |   258 |   513 ||   923
